 Dungeon Crawl Stone Soup version 0.24-a0-619-gb7544fd (webtiles) character file.

Game seed: 1297072674074930805, levelgen mode: deterministic

383 silenth the Magician (level 6, -1/45 HPs)
             Began as a Demigod Wizard on Sept 18, 2019.
             Slain by Blork the orc
             ... wielding a cursed +0 battleaxe
              (17 damage)
             ... on level 4 of the Dungeon.
             The game lasted 00:05:42 (2949 turns).

silenth the Magician (Demigod Wizard)               Turns: 2949, Time: 00:05:43

Health: -1/45      AC:  2    Str: 10    XL:     6   Next: 22%
Magic:  14/14      EV: 12    Int: 26    God:
Gold:   149        SH:  4    Dex: 14    Spells: 3/12 levels left

rFire    . . .     SeeInvis .   j - +1 dagger (venom)
rCold    + . .     Gourm    .   n - +0 buckler
rNeg     . . .     Faith    .   a - +0 robe
rPois    .         Spirit   .   b - +0 hat
rElec    .         Reflect  .   (no cloak)
rCorr    .         Harm     .   (no gloves)
MR       +....                  (no boots)
Stlth    ++........             i - amulet of magic regeneration
HPRegen  0.15/turn              c - ring of protection from cold
MPRegen  0.39/turn              k - ring of protection from magic

@: no status effects
A: high mp 1
a: no special abilities


You were on level 4 of the Dungeon.
You were hungry.

You visited 1 branch of the dungeon, and saw 4 of its levels.

You collected 149 gold pieces.

Inventory:

Hand Weapons
 j - a +1 dagger of venom (weapon)
 m - a +0 whip
 u - a +0 falchion of flaming
Armour
 a - a +0 robe (worn)
 b - a +0 hat (worn)
 g - a cursed +0 scale mail
 n - a +0 buckler (worn)
Jewellery
 c - a ring of protection from cold (left hand)
 i - an amulet of magic regeneration (around neck)
 k - a ring of protection from magic (right hand)
Scrolls
 f - a scroll of random uselessness {unknown}
 h - a scroll of identify {unknown}
 l - a scroll of fog {unknown}
 p - a scroll of enchant armour {unknown}
 s - a scroll of fear {unknown}
Potions
 d - a potion of heal wounds {unknown}
 o - a potion of might
 q - a potion of flight
 t - a potion of agility
Comestibles
 e - 3 rations


   Skills:
 - Level 1.7 Dodging
 - Level 1.7 Stealth
 * Level 1.8 Shields
 + Level 3.8 Spellcasting
 + Level 2.9 Conjurations
   Level 0.8 Summonings
 - Level 2.0 Translocations
 + Level 0.8 Fire Magic
 + Level 1.9 Air Magic
 + Level 1.8 Poison Magic


You had 3 spell levels left.
You knew the following spells:

 Your Spells              Type           Power        Failure   Level  Hunger
a - Magic Dart            Conj           ###.         3%          1    None
b - Blink                 Tloc           N/A          8%          2    #......
c - Mephitic Cloud        Conj/Pois/Air  ###.....     14%         3    ##.....
d - Conjure Flame         Conj/Fire      ##......     16%         3    ##.....

Your spell library contained the following spells:

 Spells                   Type           Power        Failure   Level  Hunger
 Call Imp                 Summ           #.......     12%         2    #......
 Slow                     Hex            #.......     17%         2    #......


Dungeon Overview and Level Annotations

Branches:
Dungeon (4/15)
 Temple: D:4-7

Annotations:
D:4 Blork the orc


Innate Abilities, Weirdness & Mutations

You have an increased reservoir of magic. (+10% MP)


Message History

Something hits you!
Casting: Mephitic Cloud (safe; 14% risk of failure)
Confirm with . or Enter, or press ? or * to list all spells.
Aiming: Mephitic Cloud (safe; 14% risk of failure)
Press: ? - help, Shift-Dir - straight line That beam is likely to hit you.
Continue anyway?
The ball explodes into a vile cloud!
The stinking cloud engulfs something but does no damage.
The stinking cloud engulfs you but does no damage.
You are engulfed in noxious fumes.
You choke on the stench!
You are confused.
You hear a shout!
You bump into the rock wall.
You feel less confused. You block something's attack.
You hit something. Something hits you!
You hit something. Something hits you!
You are feeling hungry.
You hit something. Something hits you!
You die...

.###### #######.......
#....){)......
#.#.#########. #####
#.#.# #...####.#.#
#........#.#
#...######.# ##.## #@#
#.# #.# #.##.#
#.#######.#
#.##.#######.#.......#
#.##.........#.####
#.##..##..........#
#.##..##.#####.##.# #
#.##.....# #.##.# .##
#####.###.#..#####.##.#
⌠..#


There were no monsters in sight!

Vanquished Creatures
  A scorpion (D:4)
  A hound (D:4)
  3 orc priests
  An orc wizard (D:4)
  Jessica (D:3)
  Natasha (twice) (D:3)
  A worker ant (D:3)
  An adder (D:2)
  An adder skeleton (D:3)
  5 dart slugs
  3 leopard geckos
  6 orcs
  2 ball pythons
  2 giant cockroaches (D:4)
  7 goblins
  12 hobgoblins
  2 jackals (D:3)
  4 kobolds
  8 bats
  5 frilled lizards
  A jackal skeleton (D:4)
  A leopard gecko skeleton (D:3)
  12 rats
82 creatures vanquished.

Notes
Turn   | Place    | Note
-------+----------+-------------------------------------------
     0 | D:1      | silenth the Demigod Wizard began the quest for the Orb.
     0 | D:1      | Reached XP level 1. HP: 14/14 MP: 6/6
    66 | D:1      | Reached skill level 1 in Conjurations
   226 | D:1      | Reached skill level 3 in Spellcasting
   226 | D:1      | Reached XP level 2. HP: 12/20 MP: 1/8
   607 | D:1      | Reached skill level 2 in Conjurations
   818 | D:2      | Reached XP level 3. HP: 26/26 MP: 8/10
   822 | D:2      | Learned a level 2 spell: Blink
   826 | D:2      | Learned a level 3 spell: Mephitic Cloud
  1116 | D:2      | Reached skill level 1 in Translocations
  1449 | D:3      | Noticed Jessica
  1602 | D:3      | Reached skill level 1 in Air Magic
  1602 | D:3      | Reached XP level 4. HP: 8/33 MP: 3/12
  1853 | D:3      | Noticed Natasha
  1860 | D:3      | Killed Natasha
  1860 | D:3      | Reached skill level 1 in Poison Magic
  1913 | D:3      | HP: 1/33 [orc priest/+0 club (7)]
  2368 | D:3      | Noticed Natasha
  2375 | D:3      | Killed Natasha
  2375 | D:3      | Reached XP level 5. HP: 38/38 MP: 7/13
  2381 | D:3      | Learned a level 3 spell: Conjure Flame
  2537 | D:3      | Killed Jessica
  2542 | D:3      | Reached skill level 1 in Shields
  2641 | D:4      | Reached skill level 2 in Translocations
  2919 | D:4      | Reached XP level 6. HP: 45/45 MP: 11/14
  2922 | D:4      | Noticed Blork the orc
  2949 | D:4      | Slain by Blork the orc

Levels and vault maps discovered:
D:1:      lemuel_arrival_behind_the_door_small, layout_loops_ring,
          chequers_serial_rivers_micro_d
D:2:      layout_basic, serial_aquarium, aquarium_bridge_square
          [aquarium_subvault_bridge, aquarium_subvault_balcony,
          aquarium_subvault_bridge, aquarium_subvault_wall],
          aquarium_window_fake, aquarium_window_corridor_3, aquarium_view_2d
D:3:      layout_basic, ebering_dispersal_statue_hall, uniq_natasha,
          uniq_jessica
D:4:      layout_loops_ring, first_ration, hangedman_feature_mirror,
          uniq_blork_the_orc

Skill      XL: |  1  2  3  4  5 |
---------------+----------------+-----
Conjurations   | 1 2 |  2.9
Spellcasting   | 3 |  3.8
Translocations | 1 2 |  2.0
Air Magic      | 1 |  1.9
Poison Magic   | 1 |  1.8
Shields        | 1 |  1.8
Dodging        | |  1.7
Stealth        | |  1.7
Summonings     | |  0.8
Fire Magic     | |  0.8

Action                   |  1- 3 |  4- 6 || total
-------------------------+-------+-------++-------
Melee: Unarmed           |    11 |       ||    11
       Dagger            |    13 |    51 ||    64
 Cast: Magic Dart        |   116 |    48 ||   164
       Blink             |     4 |     2 ||     6
       Mephitic Cloud    |     1 |     9 ||    10
  Use: Scroll            |     3 |     1 ||     4
       Potion            |     2 |       ||     2
 Stab: Confused          |       |     2 ||     2
  Eat: Chunk             |     1 |     2 ||     3
       Ration            |     1 |       ||     1
Armor: Robe              |    12 |     4 ||    16
Dodge: Dodged            |    35 |    18 ||    53
Block: Buckler           |     6 |    11 ||    17

Table legend:
 A = Non-vault XP
 B = Vault XP
 C = Vault XP percentage of total XP
 D = Non-vault monster count
 E = Vault monster count
 F = Vault count percentage of total count
                 A         B        C        D         E       F
            +---------+---------+-------+---------+---------+-------
      Total |     473 |      75 |  13.7 |      79 |       3 |   3.7
            +---------+---------+-------+---------+---------+-------
        D:1 |      45 |       0 |   0.0 |      23 |       0 |   0.0
        D:2 |      37 |       0 |   0.0 |      16 |       0 |   0.0
        D:3 |     150 |      73 |  32.7 |      32 |       2 |   5.9
        D:4 |     241 |       2 |   0.8 |       8 |       1 |  11.1
            +---------+---------+-------+---------+---------+-------
